AoeStats
← Rafaelbdoo

MegaRandom

505385534Analyzed
1v1 RM · 24d ago on Sep 9, 2026· 82m 21s· 2 players
Game mode
Random Map
Map size
Tiny (2 player)
Population
200
Speed
Normal
Resources
Standard
Victory
Conquest
Starting age
Dark Age
Ending age
Imperial Age
RankedLock teamsTeams togetherTeam positionsShared explorationLock speedFull tech treeHidden civsTurbo modeCheats
Victory
Defeat
🇲🇽 Byzantines · Mexico
604
+17
🇧🇷 Spanish · Brazil
626
-22
epardinez
11:06 Feudal Age
13:06 Double-Bit Axe
17:35 Horse Collar
19:41 Wheelbarrow
24:49 Castle Age
24:51 Scale Barding Armor
24:58 Forging
27:06 Pikeman
31:20 Stone Mining
31:21 Gold Mining
31:34 Heavy Plow
31:50 Bow Saw
34:21 Hand Cart
34:20 Fletching
34:51 Chain Barding Armor
34:33 Padded Archer Armor
37:41 Bodkin Arrow
38:24 Iron Casting
40:22 Imperial Age
39:44 Loom
40:27 Ballistics
42:03 Conscription
43:10 Stone Shaft Mining
43:11 Gold Shaft Mining
43:52 Chemistry
43:10 Leather Archer Armor
46:07 Logistica
45:31 Halberdier
46:14 Squires
49:31 Plate Barding Armor
49:27 Ring Archer Armor
48:58 Bracer
51:06 Two-Man Saw
51:08 Hoardings
51:51 Heavy Cavalry Archer
54:27 Scale Mail Armor
78:00 Elite Cataphract
78:42 Greek Fire
Rafaelbdoo
12:00 Feudal Age
12:38 Double-Bit Axe
12:34 Horse Collar
22:52 Castle Age
21:27 Bloodlines
24:14 Pikeman
24:57 Husbandry
25:03 Light Cavalry
27:21 Squires
39:54 Thumb Ring
39:53 Inquisition
42:11 Fervor
45:10 Imperial Age
43:18 Wheelbarrow
42:32 Loom
42:35 Town Watch
43:37 Stone Mining
43:39 Gold Mining
44:19 Hand Cart
44:04 Murder Holes
46:19 Supremacy
46:23 Conscription
46:54 Hussar
49:50 Stone Shaft Mining
49:48 Elite Conquistador
52:15 Fortified Wall
52:16 Masonry
57:54 Architecture
58:29 Chemistry
58:23 Heavy Cavalry Archer
62:33 Block Printing
64:12 Theocracy
65:36 Supremacy
65:54 Ballistics
76:35 Cavalier
Connection lost

Rejoining the realm…

Still unreachable

The connection could not be restored.

Session expired

The server has moved on; the page needs a fresh start.